 Dungeon Crawl Stone Soup version 0.30.1-11-g7821555f0a (webtiles) character file.

Game seed: 17592398846047758700

639 Ivernyr the Shield-Bearer (level 7, 0/56 HPs)
             Began as a Formicid Fighter on Nov 28, 2023.
             Slain by an orc
             ... wielding a +3 hand axe
              (4 damage)
             ... on level 5 of the Dungeon.
             The game lasted 00:09:30 (4284 turns).

Ivernyr the Shield-Bearer (Formicid Fighter)        Turns: 4284, Time: 00:09:30

Health: 0/56       AC:  8    Str: 23    XL:     7   Next: 80%
Magic:  7/7        EV:  9    Int:  7    God:
Gold:   192        SH:  5    Dex: 13    Spells: 6/6 levels left

rFire   . . .        a - +0 quarterstaff
rCold   . . .        c - +0 buckler
rNeg    . . .        b - +0 scale mail
rPois   .            (helmet unavailable)
rElec   .            w - +0 cloak
rCorr   .            (no gloves)
SInv    +            (no boots)
Will    .....        (no amulet) Stlth
                     (no ring)
HPRegen 0.29/turn    (no ring)
MPRegen 0.10/turn

%: no passive effects
@: no status effects
A: permanent stasis, dig shafts and tunnels, antennae 3, four strong arms
a: Dig, Shaft Self


You were on level 5 of the Dungeon.
You visited 2 branches of the dungeon, and saw 6 of its levels.

You collected 192 gold pieces.

Inventory:

Hand Weapons
 a - a +0 quarterstaff (weapon)
Armour
 b - a +0 scale mail (worn)
 c - a +0 buckler (worn)
 w - a +0 cloak (worn)
Jewellery
 v - a ring of flight
Wands
 p - a wand of charming (3)
Scrolls
 e - 4 scrolls of teleportation {unknown}
 g - 4 scrolls of identify {unknown}
 h - 4 scrolls of magic mapping {unknown}
 l - 2 scrolls of enchant armour {unknown}
 n - a scroll of fear {unknown}
 o - a scroll of butterflies {unknown}
 r - a scroll of vulnerability {unknown}
 t - a scroll of brand weapon {unknown}
 u - a scroll of amnesia {unknown}
Potions
 d - 2 potions of might
 f - a potion of attraction {unknown}
 i - 2 potions of flight {unknown}
 j - a potion of haste
 k - 3 potions of curing {unknown}
 m - 2 potions of lignification {unknown}
 q - a potion of berserk rage {unknown}
 s - a potion of heal wounds {unknown}


   Skills:
 + Level 5.1 Fighting
 * Level 5.3 Staves
 + Level 5.0 Armour
 + Level 6.1 Shields


You had 6 spell levels left.
You didn't know any spells.
Your spell library contained the following spells:

 Spells                   Type           Power      Damage    Failure   Level
 Cigotuvi's Dreadful Rot  Necr/Pois/Air  0%         N/A       89%         2
 Ensorcelled Hibernation  Hex/Ice        0%         N/A       89%         2
 Passwall                 Tmut/Erth      0%         N/A       89%         2
 Frozen Ramparts          Ice            0%         1d1       98%         3
 Dispel Undead            Necr           0%         3d6       100%        4
 Ice Form                 Ice/Tmut       0%         N/A       100%        4
 Summon Ice Beast         Ice/Summ       0%         N/A       100%        4
 Death Channel            Necr           0%         N/A       100%        6
 Swiftness                Air            Unusable   N/A       N/A         3

Dungeon Overview and Level Annotations

Branches:
Dungeon (5/15)             Temple (1/1) D:4

Altars:
Cheibriados
Dithmenos
Elyvilon
Fedhas
Gozag
Kikubaaqudgha
Makhleb
Okawaru
Qazlal
Sif Muna
Uskayaw
Vehumet
Xom
Yredelemnul
The Shining One

Shops:
D:1 *


Innate Abilities, Weirdness & Mutations

You cannot be hasted, slowed, berserked, paralysed or teleported.
You can dig through walls and to a lower floor.
You have a pair of large antennae on your head. (SInv)
Your four strong arms can wield two-handed weapons with a shield.


Message History

The orc attacks as you move away! You block the orc's attack.
The orc hits you but does no damage. The orc attacks as you move away!
The orc completely misses you. The orc attacks as you move away!
The orc hits you but does no damage.
There is an open door here.
The orc attacks as you move away! The orc hits you but does no damage.
The orc attacks as you move away! The orc closely misses you.
The orc attacks as you move away! The orc misses you.
The orc attacks as you move away! The orc hits you but does no damage.
The orc attacks as you move away! You block the orc's attack.
The orc attacks as you move away! The orc completely misses you.
There is an open door here.
The orc attacks as you move away! The orc hits you but does no damage.
The orc attacks as you move away! The orc hits you with a +0 falchion.
The orc attacks as you move away! The orc closely misses you.
The orc attacks as you move away! The orc hits you with a +0 falchion.
There is a stone staircase leading up here.
You hit the orc.
The orc is almost dead.
The orc hits you with a +0 falchion. The orc completely misses you.
You barely miss the orc.
The orc is almost dead.
You block the orc's attack. The ogre closely misses you.
You sock the orc!
You kill the orc!
You completely miss the ogre.
The ogre hits you with a +0 giant club!!
The orc hits you with a +0 whip.
You hit the ogre.
The ogre is lightly wounded.
The ogre hits you with a +0 giant club!!
* * * LOW HITPOINT WARNING * * *
The orc hits you but does no damage.
You sock the ogre!
The ogre is heavily wounded.
You block the orc's attack. x2; The ogre barely misses you.
You sock the ogre!
The ogre is severely wounded.
The orc hits you with a +3 hand axe.
You die...

......... .........
..########.
..#........
..#........
..#........
'##........#### ####
.....#######..####..#
.....#..........@...#
.....#.........oOo..#
.....#..........<...#
.....#..........)...#
.....#..............#
.....#..###....###+##
.....#..###....###..#
...o.#..........#...#
.....#..........#...#


You could see an ogre and 2 orcs.

Vanquished Creatures
  2 black bears
  2 phantoms (D:4)
  A scorpion (D:5)
  Ijyb (D:3)
  Terence (D:2)
  An iguana (D:5)
  2 orc wizards
  4 adders
  A white imp (D:5)
  2 worms
  3 dart slugs (D:1)
  9 orcs
  2 bats (D:2)
  4 endoplasms
  3 giant cockroaches
  2 goblins (D:3)
  10 hobgoblins
  7 jackals (D:1)
  3 quokkas
  4 ball pythons
  2 frilled lizards
  5 kobolds
  6 rats
77 creatures vanquished.

Vanquished Creatures (others)
  A human (D:3)
1 creature vanquished.

Grand Total: 78 creatures vanquished

Notes
Turn   | Place    | Note
-------+----------+-------------------------------------------
     0 | D:1      | Ivernyr the Formicid Fighter began the quest for the Orb.
     0 | D:1      | Reached XP level 1. HP: 18/18 MP: 1/1
    31 | D:1      | Reached XP level 2. HP: 17/24 MP: 2/2
   163 | D:1      | Found Xueshutz's General Store.
   196 | D:1      | Reached XP level 3. HP: 29/29 MP: 3/3
   978 | D:2      | Reached XP level 4. HP: 37/37 MP: 4/4
  1203 | D:2      | Noticed Terence
  1214 | D:2      | Killed Terence
  1650 | D:3      | Found a white marble altar of Elyvilon.
  1651 | D:3      | Found a blossoming altar of Fedhas.
  1705 | D:3      | Found an ancient bone altar of Kikubaaqudgha.
  1707 | D:3      | Noticed a human
  1708 | D:3      | Killed a human
  1890 | D:3      | Noticed Ijyb
  1907 | D:3      | Killed Ijyb
  1908 | D:3      | Reached XP level 5. HP: 31/42 MP: 5/5
  2522 | D:3      | Reached skill level 5 in Shields
  2576 | D:4      | Found a staircase to the Ecumenical Temple.
  2609 | D:4      | Noticed a phantom
  2618 | D:4      | Killed a phantom
  2619 | D:4      | Reached XP level 6. HP: 43/49 MP: 6/6
  2628 | D:4      | Noticed an ogre
  2629 | Temple   | Entered the Ecumenical Temple
  2831 | D:4      | You fall into a shaft and drop 1 floor!
  2831 | D:5      | Entered Level 5 of the Dungeon
  2881 | D:5      | Noticed a black bear
  2888 | D:5      | Killed a black bear
  2900 | D:5      | Reached XP level 7. HP: 23/55 MP: 7/7
  3244 | D:4      | Reached skill level 5 in Staves
  3465 | D:4      | Reached skill level 5 in Fighting
  3465 | D:4      | Reached skill level 5 in Armour
  3465 | D:4      | Reached skill level 6 in Shields
  4284 | D:5      | Slain by an orc

Illustrated notes

Levels and vault maps discovered:
D:1:      dpeg_arrival_boxes_within_box, layout_basic, serial_shops,
          nicolae_shop_hallway_stairs
D:2:      layout_loops_ring, minmay_misc_feat_pillars, uniq_terence
D:3:      layout_loops_corners, chequers_temple_overflow_statue_of_worship,
          tgw_kikubaaqudgha, uniq_ijyb
D:4:      layout_gridville, minmay_temple_entry_steel_oval, grunt_ministairs_14,
          st_stairs_14
D:5:      layout_gridville, zin_treasury
Temple:   nicolae_temple_slightly_damp_pantheon

Skill      XL: |  1  2  3  4  5  6  7 |
---------------+----------------------+-----
Staves         | 3 4 5 |  5.3
Fighting       | 4 5 |  5.1
Armour         | 4 5 |  5.0
Shields        | 5 6 |  6.1

Action                     |  1- 3 |  4- 6 |  7- 9 || total
---------------------------+-------+-------+-------++-------
  Melee: Quarterstaff      |    84 |   101 |    62 ||   247
 Armour: Scale mail        |    52 |    42 |    24 ||   118
  Dodge: Dodged            |    53 |    39 |    31 ||   123
  Block: Buckler           |    20 |    18 |    23 ||    61
